 Dungeon Crawl Stone Soup version 0.31-a0-543-geaa9c7a2c0 (webtiles) character file.

Game seed: 2604652313810887041

368 IndexError the Magician (level 7, 0/50 HPs)
             Began as a Djinni Conjurer on Aug 15, 2023.
             Slain by a hound (4 damage)
             ... on level 5 of the Dungeon.
             The game lasted 00:04:06 (3251 turns).

IndexError the Magician (Djinni Conjurer)           Turns: 3251, Time: 00:04:06

Health: 0/50       AC:  2    Str:  6    XL:     7   Next: 1%
Gold:   242        EV: 12    Int: 21    God:
                   SH:  0    Dex: 12

rFire   + + .        d - +0 dagger
rCold   x . .        (no shield)
rNeg    . . .        a - +0 robe
rPois   ∞            (no helmet)
rElec   .            (no cloak)
rCorr   .            (no gloves)
SInv    .            (boots unavailable)
Will    .....        (no amulet)
Stlth   ++           (no ring)
HPRegen 0.28/turn    (no ring)
MPRegen 0.00/turn

%: infuse magic (-1 HP)
@: flying
A: sickness immunity, fire resistance 2, cold vulnerability 1, float, innate
caster, HP casting, extra vitality 1
a: no special abilities


You were on level 5 of the Dungeon.
You visited 1 branch of the dungeon, and saw 5 of its levels.

You collected 242 gold pieces.

Inventory:

Hand Weapons
 d - a +0 dagger (weapon)
   (You took it off a kobold on level 1 of the Dungeon)
Missiles
 e - 9 boomerangs
Armour
 a - a +0 robe (worn)
Jewellery
 l - a ring of resist corrosion
   (You found it on level 2 of the Dungeon)
Scrolls
 b - 7 scrolls of teleportation {unknown}
 c - 5 scrolls of identify {unknown}
 g - 2 scrolls of enchant weapon {unknown}
 n - a scroll of enchant armour {unknown}
 o - a scroll of fear {unknown}
Potions
 f - 2 potions of ambrosia {unknown}
 h - a potion of resistance {unknown}
 i - a potion of brilliance {unknown}
 j - 2 potions of curing {unknown}
 k - a potion of mutation {unknown}
 m - a potion of degeneration {unknown}
 p - a potion of invisibility {unknown}
 q - a potion of heal wounds {unknown}


   Skills:
 + Level 3.5 Fighting
 - Level 2.1 Dodging
 - Level 1.5 Stealth
 * Level 5.2 Spellcasting
 * Level 5.2 Conjurations
 * Level 5.2 Hexes
   Level 0.0 Charms
 * Level 5.2 Summonings
 * Level 5.2 Necromancy
 * Level 5.2 Translocations
 * Level 5.2 Transmutations
 * Level 5.2 Fire Magic
 * Level 5.2 Ice Magic
 * Level 5.2 Air Magic
 * Level 5.2 Earth Magic
 * Level 5.2 Poison Magic


You knew the following spells:

 Your Spells              Type           Power      Damage    Failure   Level
a - Magic Dart            Conj           100%       1d8       1%          1
b - Searing Ray           Conj           54%        2d6       1%          2
c - Dazzling Flash        Conj/Hex       54%        N/A       3%          3
d - Fulminant Prism       Conj/Hex       13%        3d9       12%         4
e - Freeze                Ice            100%       1d10      1%          1
f - Wereblood             Tmut           27%        N/A       1%          2
s - Swiftness             Air            27%        N/A       3%          3
x - Iskenderun's Mystic   Conj/Tloc      27%        2d7       12%         4
Your spell library was empty.

Dungeon Overview and Level Annotations

Branches:
Dungeon (5/15)
 Temple: D:4-7

Altars:
Fedhas
Hepliaklqana
Zin

Shops:
D:1 ?


Innate Abilities, Weirdness & Mutations

You are immune to sickness and miasma.
You are immune to poison.
Your flesh is very heat resistant. (rF++)
You are vulnerable to cold. (rC-)
You float through the air rather than walking.
You learn spells naturally, not from books.
Your magical power is your life essence.
You have superior vitality. (+4 MHP)


Message History

Done exploring.
Done exploring.
Done exploring.
There is an open door here.
There is a stone staircase leading down here.
You fly downwards.
Found four items.
Found a stone staircase leading down.
There is a stone staircase leading up here.
You fly upwards.
There is a stone staircase leading down here.
There is an open door here.
There is a stone staircase leading down here.
You fly downwards.
Found a long glowing staff.
Found a stone staircase leading up.
There is a stone staircase leading up here.
You fly upwards.
There is a stone staircase leading down here.
You fly downwards.
There is a stone staircase leading up here.
Casting: Magic Dart (safe; 1% risk of failure)
Confirm with . or Enter, or press ? or * to list all spells.
Aiming: Searing Ray (safe; 1% risk of failure)
Press: ? - help, Shift-Dir - straight line, f - phantom
Aim: a phantom (71% to hit)
The searing ray hits the phantom! (Press . to maintain the ray.)
You take 2 damage, and have 44/46 hp.
The searing ray hits the phantom.
You take 1 damage, and have 43/46 hp.
The searing ray misses the phantom.
The searing ray misses the phantom.
You finish channelling your searing ray.
The phantom hits you!
The phantom blinks!
You blink.
A hound comes into view.
You take 8 damage, and have 35/46 hp.
Casting: Searing Ray (safe; 1% risk of failure)
Confirm with . or Enter, or press ? or * to list all spells.
Aiming: Searing Ray (safe; 1% risk of failure)
Press: ? - help, Shift-Dir - straight line, f/p - phantom
Aim: a phantom (heavily damaged, 71% to hit)
The searing ray misses the phantom. (Press . to maintain the ray.)
The phantom barely misses you.
You take 2 damage, and have 33/46 hp.
The searing ray misses the phantom.
The phantom completely misses you.
The searing ray hits the phantom!
The phantom hits you.
You take 6 damage, and have 27/46 hp.
The searing ray hits the phantom.
You finish channelling your searing ray.
The hound closely misses you.
The phantom hits you but does no damage.
You take 1 damage, and have 26/46 hp.
Casting: Searing Ray (safe; 1% risk of failure)
Confirm with . or Enter, or press ? or * to list all spells.
Aiming: Searing Ray (safe; 1% risk of failure)
Press: ? - help, Shift-Dir - straight line, f/p - phantom
Aim: a phantom (almost destroyed, 71% to hit)
The searing ray misses the phantom. (Press . to maintain the ray.)
The hound closely misses you. The phantom hits you.
The phantom blinks!
You blink.
You take 8 damage, and have 18/46 hp.
Casting: Searing Ray (safe; 1% risk of failure)
Confirm with . or Enter, or press ? or * to list all spells.
Aiming: Searing Ray (safe; 1% risk of failure)
Press: ? - help, Shift-Dir - straight line, f/p - phantom
Aim: a phantom (almost destroyed, 71% to hit)
The searing ray hits the phantom. (Press . to maintain the ray.)
The hound closely misses you.
You have reached level 7!
The power to cast Swiftness wells up from within.
Spell assigned to 's'.
Casting: Searing Ray (safe; 1% risk of failure)
Confirm with . or Enter, or press ? or * to list all spells.
Restarting spell: Searing Ray (safe; 1% risk of failure)
Press: ? - help, Shift-Dir - straight line, f - hound
Aim: a hound (71% to hit)
The searing ray hits the hound. (Press . to maintain the ray.)
The hound bites you.
* * * LOW HITPOINT WARNING * * *
You take 5 damage, and have 13/50 hp.
The searing ray hits the hound!
* * * LOW HITPOINT WARNING * * *
The hound bites you but does no damage. The hound bites you.
* * * LOW HITPOINT WARNING * * *
You take 5 damage, and have 8/50 hp.
The searing ray hits the hound.
* * * LOW HITPOINT WARNING * * *
The hound bites you.
* * * LOW HITPOINT WARNING * * *
You take 2 damage, and have 6/50 hp.
The searing ray hits the hound.
* * * LOW HITPOINT WARNING * * *
You finish channelling your searing ray.
The hound bites you.
* * * LOW HITPOINT WARNING * * *
The hound bites you.
You die...

#..# #... ##
#... .......
.......###
........ . <
#..#.######...|
#...@..<...#
#.....h....#.#
#.##.#.....#
#.#..##.# .
#..# ..# ..
#..# #.# ..
.... .# #.#
##### ##


You could see a hound.

Vanquished Creatures
  An ogre (D:2)
  A phantom (D:5)
  A scorpion (D:4)
  Terence (D:3)
  An iguana (D:4)
  5 adders
  3 dart slugs
  An orc (D:4)
  3 ball pythons
  7 endoplasms
  3 giant cockroaches
  2 goblins (D:1)
  4 hobgoblins
  2 quokkas
  6 bats
  A frilled lizard (D:1)
  7 kobolds
  3 rats
52 creatures vanquished.

Notes
Turn   | Place    | Note
-------+----------+-------------------------------------------
     0 | D:1      | IndexError the Djinni Conjurer began the quest for the Orb.
     0 | D:1      | IndexError set off with the following spells memorised:
                  | Magic Dart, Searing Ray, Dazzling Flash, Fulminant Prism,
                  | Iskenderun's Mystic Blast.
     0 | D:1      | Reached XP level 1. HP: 15/15 MP: 0/0
   163 | D:1      | Reached XP level 2. HP: 21/22 MP: 0/0
   421 | D:1      | Reached skill level 1 in Fighting
   488 | D:1      | Reached XP level 3. HP: 24/27 MP: 0/0
   488 | D:1      | Learned a level 1 spell: Freeze
   522 | D:1      | Found Xuat's Magic Scroll Boutique.
  1267 | D:2      | Noticed an ogre
  1274 | D:2      | Killed an ogre
  1275 | D:2      | Reached skill level 2 in Fighting
  1275 | D:2      | Reached skill level 4 in Spellcasting
  1275 | D:2      | Reached skill level 4 in Conjurations
  1275 | D:2      | Reached skill level 4 in Hexes
  1275 | D:2      | Reached skill level 4 in Summonings
  1275 | D:2      | Reached skill level 4 in Necromancy
  1275 | D:2      | Reached skill level 4 in Translocations
  1275 | D:2      | Reached skill level 4 in Transmutations
  1275 | D:2      | Reached skill level 4 in Fire Magic
  1275 | D:2      | Reached skill level 4 in Ice Magic
  1275 | D:2      | Reached skill level 4 in Air Magic
  1275 | D:2      | Reached skill level 4 in Earth Magic
  1275 | D:2      | Reached skill level 4 in Poison Magic
  1275 | D:2      | Reached XP level 4. HP: 26/34 MP: 0/0
  1275 | D:2      | Reached XP level 5. HP: 30/39 MP: 0/0
  1275 | D:2      | Learned a level 2 spell: Wereblood
  1835 | D:3      | Found a hazy altar of Hepliaklqana.
  1859 | D:3      | Found a blossoming altar of Fedhas.
  1885 | D:3      | Noticed Terence
  1893 | D:3      | Killed Terence
  2386 | D:4      | Reached XP level 6. HP: 41/45 MP: 0/0
  2428 | D:4      | Reached skill level 3 in Fighting
  2498 | D:4      | Reached skill level 5 in Spellcasting
  2498 | D:4      | Reached skill level 5 in Conjurations
  2498 | D:4      | Reached skill level 5 in Hexes
  2498 | D:4      | Reached skill level 5 in Summonings
  2498 | D:4      | Reached skill level 5 in Necromancy
  2498 | D:4      | Reached skill level 5 in Translocations
  2498 | D:4      | Reached skill level 5 in Transmutations
  2498 | D:4      | Reached skill level 5 in Fire Magic
  2498 | D:4      | Reached skill level 5 in Ice Magic
  2498 | D:4      | Reached skill level 5 in Air Magic
  2498 | D:4      | Reached skill level 5 in Earth Magic
  2498 | D:4      | Reached skill level 5 in Poison Magic
  2713 | D:4      | Found a glowing silver altar of Zin.
  3176 | D:5      | Entered Level 5 of the Dungeon
  3248 | D:5      | Reached XP level 7. HP: 18/50 MP: 0/0
  3248 | D:5      | Learned a level 3 spell: Swiftness
  3249 | D:5      | HP: 8/50 [hound (5)]
  3251 | D:5      | Slain by a hound

Illustrated notes

Levels and vault maps discovered:
D:1:      nzn_arrival_crosshair, layout_basic, serial_shops,
          nicolae_shop_tiny_real_fake_doors, minivault_5
D:2:      layout_loops_ring, minivault_24
D:3:      layout_rooms, nzn_hepliaklqana_mist_gate, fedhas_altar_1, uniq_terence
D:4:      layout_gridville, mainiacjoe_overflow_concentric_impassable
D:5:      layout_basic, grunt_temple_overflow_cloverleaf, uniq_eustachio,
          uniq_edmund

Skill      XL: |  1  2  3  4  5  6 |
---------------+-------------------+-----
Fighting       | 1 2 3 |  3.5
Spellcasting   | 4 5 |  5.2
Conjurations   | 4 5 |  5.2
Hexes          | 4 5 |  5.2
Summonings     | 4 5 |  5.2
Necromancy     | 4 5 |  5.2
Translocations | 4 5 |  5.2
Transmutations | 4 5 |  5.2
Fire Magic     | 4 5 |  5.2
Ice Magic      | 4 5 |  5.2
Air Magic      | 4 5 |  5.2
Earth Magic    | 4 5 |  5.2
Poison Magic   | 4 5 |  5.2
Dodging        | |  2.1
Stealth        | |  1.5

Action                     |  1- 3 |  4- 6 |  7- 9 || total
---------------------------+-------+-------+-------++-------
   Cast: Magic Dart        |    53 |    54 |       ||   107
         Searing Ray       |     2 |     9 |     1 ||    12
 Armour: Robe              |     1 |     1 |     1 ||     3
  Dodge: Dodged            |       |    14 |       ||    14

Table legend: (Time is in decaauts)
 A = Elapsed time spent in this place.
 B = Non-inter-level travel time spent in this place.
 C = Inter-level travel time spent in this place.
 D = Time resting spent in this place.
 E = Time spent auto-exploring this place.
 F = Levels seen in this place.
 G = Mean time per level.
                   A        B        C        D        E       F      G
               +--------+--------+--------+--------+--------+-----+--------+
         Total |   3254 |   2958 |    296 |      0 |   2684 |   5 |  650.8 |
       Dungeon |   3254 |   2958 |    296 |      0 |   2684 |   5 |  650.8 |
               +--------+--------+--------+--------+--------+-----+--------+

Top non-repeatable levels by time:
     D:1: 1111 daAuts
     D:4: 858 daAuts
     D:2: 722 daAuts
     D:3: 543 daAuts
     D:5: 18 daAuts

Levels and vault maps discovered:
D:1:      nzn_arrival_crosshair, layout_basic, serial_shops,
          nicolae_shop_tiny_real_fake_doors, minivault_5
D:2:      layout_loops_ring, minivault_24
D:3:      layout_rooms, nzn_hepliaklqana_mist_gate, fedhas_altar_1, uniq_terence
D:4:      layout_gridville, mainiacjoe_overflow_concentric_impassable
D:5:      layout_basic, grunt_temple_overflow_cloverleaf, uniq_eustachio,
          uniq_edmund

Table legend: (Time is in decaauts)
 A = Elapsed time spent in this place.
 B = Non-inter-level travel time spent in this place.
 C = Inter-level travel time spent in this place.
 D = Time resting spent in this place.
 E = Time spent auto-exploring this place.
 F = Levels seen in this place.
 G = Mean time per level.
                   A        B        C        D        E       F      G
               +--------+--------+--------+--------+--------+-----+--------+
         Total |   3254 |   2958 |    296 |      0 |   2684 |   5 |  650.8 |
       Dungeon |   3254 |   2958 |    296 |      0 |   2684 |   5 |  650.8 |
               +--------+--------+--------+--------+--------+-----+--------+

Top non-repeatable levels by time:
     D:1: 1111 daAuts
     D:4: 858 daAuts
     D:2: 722 daAuts
     D:3: 543 daAuts
     D:5: 18 daAuts

Table legend:
 A = Kills in this place as a percentage of kills in the entire game.
 B = Kills by you in this place as a percentage of kills by you in the entire game.
 C = Kills by friends in this place as a percentage of kills by friends in the entire game.
 D = Other kills in this place as a percentage of other kills in the entire game.
 E = Experience gained in this place as a percentage of experience gained in the entire game.
 F = Experience gained in this place divided by the number of levels of this place that you have seen.
                   A       B       C       D       E      F
               +-------+-------+-------+-------+-------+----------------------
         Total | 100.0 | 100.0 |   N/A |   N/A | 100.0 | 105.4
       Dungeon | 100.0 | 100.0 |   N/A |   N/A | 100.0 | 105.4
               +-------+-------+-------+-------+-------+----------------------
